 Dungeon Crawl Stone Soup version 0.27.1 (webtiles) character file.

Game seed: 671147772894344056

15549 DemonSlayer the Cleaver (level 12, -5/94 HPs)
             Began as a Human Berserker on Aug 26, 2021.
             Was an Elder of Trog.
             Slain by an orc knight (10 damage)
             ... on level 2 of the Orcish Mines.
             The game lasted 00:47:46 (18318 turns).

DemonSlayer the Cleaver (Human Berserker)          Turns: 18318, Time: 00:47:46

Health: -5/94      AC: 21    Str: 21    XL:     12   Next: 59%
Magic:  12/12      EV:  8    Int:  8    God:    Trog [****..]
Gold:   1084       SH:  0    Dex: 20    Spells: 11/11 levels left

rFire    . . .     SeeInvis .   t - +3 battleaxe (vorpal)
rCold    . . .     Faith    .   (shield currently unavailable)
rNeg     . . .     Spirit   .   f - +0 plate armour
rPois    .         Reflect  .   b - +2 helmet
rElec    .         Harm     .   r - +0 cloak
rCorr    .         Rampage  .   (no gloves)
Will     .....                  g - +1 pair of boots
Stlth    ..........             (no amulet)
HPRegen  0.25/turn              i - +6 ring of dexterity
MPRegen  0.13/turn              o - +4 ring of slaying

@: mighty, on berserk cooldown, hasted and slowed
A: no striking features
a: Renounce Religion, Berserk, Trog's Hand, Brothers in Arms


You were on level 2 of the Orcish Mines.
You worshipped Trog.
Trog was greatly pleased with you.
You visited 2 branches of the dungeon, and saw 12 of its levels.

You collected 1084 gold pieces.

Inventory:

Hand Weapons
 a - a +0 battleaxe
 j - a +0 broad axe of freezing
 q - a +1 battleaxe of draining
 t - a +3 vorpal battleaxe (weapon)
 v - a +0 battleaxe of freezing
 F - a +0 battleaxe
Missiles
 e - 17 poisoned darts
 x - 5 boomerangs of dispersal
 y - 2 silver boomerangs
 G - 14 boomerangs (quivered)
Armour
 b - a +2 helmet (worn)
 f - a +0 plate armour (worn)
 g - a +1 pair of boots (worn)
 n - a +2 hat of see invisible
 r - a +0 cloak (worn)
Jewellery
 i - a +6 ring of dexterity (left hand)
 o - a +4 ring of slaying (right hand)
 z - a ring of poison resistance
Wands
 l - a wand of flame (16)
Scrolls
 m - 2 scrolls of teleportation
 s - a scroll of magic mapping
Potions
 d - 4 potions of curing
 h - 2 potions of lignification
 k - a potion of mutation {unknown}
 p - a potion of ambrosia {unknown}
 w - a potion of magic {unknown}
 A - a potion of brilliance {unknown}
 B - a potion of haste
 C - a potion of berserk rage {unknown}
 D - a potion of attraction {unknown}


   Skills:
 + Level 8.6 Fighting
 + Level 14.1 Axes
 + Level 4.9 Throwing
 + Level 9.1 Armour
 + Level 3.7 Dodging
 + Level 1.7 Stealth
 + Level 0.8 Evocations


You had 11 spell levels left.
You didn't know any spells.
Your spell library was empty.

Dungeon Overview and Level Annotations

Branches:
Dungeon (10/15)            Temple (0/1) D:6             Orc (2/2) D:9
    Elf (0/3) Orc:2
   Lair: D:8-11

Altars:
Yredelemnul

Shops:
D:1 !   Orc:2 (

Annotations:
D:3 2 transporters, suicidejoker's ghost, amateur DsBr
D:4 3 runed translucent doors, SkeletonJelly's ghost, amateur DrMo
D:8 3 runed translucent doors, hasubaka's ghost, novice DrCj


Message History

You are no longer berserk.
You are exhausted.
You feel yourself slow down.
You feel the effects of Trog's Hand fading.
Things that are here:
a +0 dagger; a +0 robe; an orc corpse
As you read the scroll of fear, it crumbles to dust.
You assume a fearsome visage.
The orc knight looks frightened!
The orc high priest looks frightened!
Okay, then.
Items here: )) [[.
Your skin stops crawling.
You feel less strong-willed.
Items here: )) [[.
Things that are here:
a +0 scimitar; a +0 chain mail You see here a +0 war axe.
An orc knight is nearby!
You are no longer corroded.
An orc knight is nearby!
Things that are here:
a +0 dagger; a +0 leather armour You see here a +0 whip.
Things that are here:
a +0 hand axe; a +0 plate armour You feel yourself speed up.
Things that are here:
a +0 mace; a +0 chain mail
Things that are here:
a +0 dagger; a +0 robe; a +0 trident You feel very mighty all of a sudden.
The orc knight hits you with a +1 war axe!
* * * LOW HITPOINT WARNING * * *
You slice the orc knight!!
The orc knight is moderately wounded.
The orc knight hits you with a +1 war axe!
* * * LOW HITPOINT WARNING * * *
You slice the orc knight!!
The orc knight is severely wounded.
The orc knight hits you with a +1 war axe!
You die...

.....................<...........
..................##.#...........
..................###.....##.....
..................##.#....##.....
...............#.................
##............)...#..............
##........#......#...............
.#........#.......#...#..........
.##.......)...)o@)))...##.##.....
).#...).).).).......#.#######....
))......))..).....).### ##.....
)).................## #......
...................## ##.#...
.........)..#.##....# ####..
...).........####..## #...
..)..........## ##### ##.#
..#.........#.#####.## ###


You could see an orc knight.

Vanquished Creatures
  Gastronok (D:8)
  Harold (D:8)
  Erica (D:8)
  A two-headed ogre (D:10)
  2 orc high priests (Orc:2)
  Pikel (D:4)
  2 orc knights (Orc:2)
  4 orc sorcerers (Orc:2)
  4 trolls
  A hornet (D:9)
  Grinder (D:6)
  3 yaks (D:9)
  Eustachio (D:6)
  2 steam dragons
  Menkaure (D:4)
  A warg (Orc:2)
  2 water moccasins
  A swamp drake (D:9)
  A sky beast (D:5)
  A black bear (D:5)
  17 orc warriors
  A hornet zombie (D:7)
  3 ogres
  3 centaurs
  A kobold brigand (D:9)
  Blork the orc (D:4)
  2 bullfrogs (D:8)
  2 gnoll sergeants
  4 scorpions
  2 jellies
  8 wights
  4 howler monkeys
  A centaur zombie (D:6)
  A bullfrog zombie (D:6)
  10 orc priests
  2 hounds
  Crazy Yiuf (D:6)
  A centaur skeleton (D:7)
  A gnoll shaman (D:7)
  2 iguanas
  20 orc wizards
  A killer bee zombie (D:5)
  A hound skeleton (D:4)
  20 gnolls
  7 adders
  9 river rats (D:6)
  2 shadow imps
  2 white imps
  An ufetubus (D:5)
  A worm (D:3)
  A dart slug (D:4)
  67 orcs
  3 endoplasms
  8 giant cockroaches
  4 goblins
  A hobgoblin (D:1)
  8 quokkas
  3 ball pythons
  4 bats
  3 frilled lizards
  8 kobolds
  17 rats
290 creatures vanquished.

Vanquished Creatures (collateral kills)
  2 orc knights (Orc:2)
  An orc warrior (Orc:2)
  An ogre (Orc:2)
  An orc priest (Orc:2)
  2 orc wizards (Orc:2)
  4 orcs (Orc:2)
11 creatures vanquished.

Vanquished Creatures (others)
  An orc priest (Orc:2)
  An orc (D:9)
2 creatures vanquished.

Grand Total: 303 creatures vanquished

Notes
Turn   | Place    | Note
-------+----------+-------------------------------------------
     0 | D:1      | DemonSlayer the Human Berserker began the quest for the
                  | Orb.
     0 | D:1      | Reached XP level 1. HP: 18/18 MP: 1/1
   513 | D:1      | Found Fuwkey's Distillery.
   519 | D:1      | Reached XP level 2. HP: 24/24 MP: 2/2
   998 | D:1      | Reached XP level 3. HP: 29/29 MP: 3/3
  1453 | D:2      | Found a faded altar of an unknown god.
  3043 | D:3      | Reached XP level 4. HP: 36/36 MP: 4/4
  3360 | D:3      | Noticed suicidejoker's ghost (amateur DsBr)
  3362 | D:3      | Found a transporter.
  3362 | D:3      | Found a transporter.
  3362 | D:3      | Noticed an ogre
  3472 | D:3      | Reached skill level 4 in Axes
  3476 | D:3      | Reached XP level 5. HP: 42/42 MP: 5/5
  4193 | D:4      | Found a runed translucent gate.
  4199 | D:4      | Found a runed translucent gate.
  4199 | D:4      | Found a runed translucent gate.
  4201 | D:4      | Noticed SkeletonJelly's ghost (amateur DrMo)
  4254 | D:4      | Noticed Menkaure
  4259 | D:4      | Killed Menkaure
  4260 | D:4      | Reached XP level 6. HP: 48/48 MP: 6/6
  4390 | D:4      | Reached skill level 5 in Axes
  4564 | D:4      | Noticed Blork the orc
  4565 | D:4      | Noticed Pikel
  4571 | D:4      | Killed Blork the orc
  4581 | D:4      | Killed Pikel
  4581 | D:4      | Reached ** piety under Trog
  4582 | D:4      | Reached skill level 6 in Axes
  4582 | D:4      | Reached XP level 7. HP: 55/55 MP: 7/7
  4582 | D:4      | Reached XP level 8. HP: 61/61 MP: 8/8
  5031 | D:5      | Entered Level 5 of the Dungeon
  5107 | D:5      | Reached skill level 7 in Axes
  5945 | D:5      | Reached skill level 5 in Fighting
  6135 | D:5      | Reached skill level 8 in Axes
  6139 | D:5      | Reached skill level 5 in Armour
  6859 | D:6      | Noticed Eustachio
  6869 | D:6      | Killed Eustachio
  6870 | D:6      | Reached XP level 9. HP: 49/68 MP: 9/9
  7381 | D:6      | Found a staircase to the Ecumenical Temple.
  7529 | D:6      | Noticed Grinder
  7540 | D:6      | Killed Grinder
  7541 | D:6      | Reached skill level 9 in Axes
  8025 | D:6      | Found a runed translucent door.
  8026 | D:6      | Noticed Crazy Yiuf
  8088 | D:6      | Killed Crazy Yiuf
  8437 | D:7      | Reached skill level 1 in Stealth
  8438 | D:7      | Reached *** piety under Trog
  8442 | D:7      | Reached skill level 10 in Axes
  8586 | D:7      | Reached XP level 10. HP: 76/76 MP: 10/10
  9166 | D:8      | Noticed Harold
  9174 | D:8      | Killed Harold
  9175 | D:8      | Reached skill level 11 in Axes
  9177 | D:8      | Found a runed translucent gate.
  9177 | D:8      | Found a runed translucent gate.
  9177 | D:8      | Found a runed translucent gate.
  9177 | D:8      | Noticed hasubaka's ghost (novice DrCj)
  9388 | D:8      | Noticed Erica
  9417 | D:8      | Killed Erica
 10369 | D:8      | Found a basalt altar of Yredelemnul.
 10729 | D:8      | Noticed Gastronok
 10743 | D:8      | Killed Gastronok
 10744 | D:8      | Reached skill level 12 in Axes
 10744 | D:8      | Reached XP level 11. HP: 85/85 MP: 11/11
 11080 | D:8      | Reached **** piety under Trog
 12359 | D:9      | Paralysed by a hornet for 1 turns
 12363 | D:9      | Reached skill level 13 in Axes
 13617 | D:9      | Found a staircase to the Orcish Mines.
 13852 | D:10     | Entered Level 10 of the Dungeon
 13913 | D:10     | Noticed a two-headed ogre
 13923 | D:10     | Killed a two-headed ogre
 14871 | Orc:1    | Entered Level 1 of the Orcish Mines
 14890 | Orc:1    | Reached skill level 1 in Throwing
 15003 | Orc:1    | Reached ***** piety under Trog
 15325 | Orc:2    | Entered Level 2 of the Orcish Mines
 15342 | Orc:2    | Noticed an orc knight
 15350 | Orc:2    | Noticed an orc sorcerer
 16201 | Orc:2    | Killed an orc sorcerer
 16202 | Orc:2    | Reached XP level 12. HP: 73/93 MP: 12/12
 17030 | Orc:2    | Found a staircase to the Elven Halls.
 17034 | Orc:2    | Found Yrep's Antique Weapon Boutique.
 17174 | Orc:2    | Noticed an orc high priest
 17185 | Orc:2    | Killed an orc high priest
 17537 | Orc:2    | Reached skill level 14 in Axes
 17588 | Orc:2    | Noticed an orc high priest
 17590 | Orc:2    | Noticed a sixfirhy
 18273 | Orc:2    | Noticed a soul eater
 18281 | Orc:2    | Killed an orc high priest
 18285 | Orc:2    | Noticed an orc high priest
 18318 | Orc:2    | Slain by an orc knight

Illustrated notes

Levels and vault maps discovered:
D:1:      minmay_arrival_widening_spiral_wide, layout_loops_ring, serial_shops,
          shop
D:2:      layout_basic, ebering_ecumenical_altar_ruins
D:3:      layout_loops_ring, gammafunk_ghost_smash, portal_sewer_entry_a
D:4:      wad_crossroads, layout_basic, gammafunk_ghost_necromancy,
          uniq_menkaure, uniq_blork_the_orc, uniq_pikel
D:5:      layout_basic, corexii_item_surrounded_by_moat
D:6:      lemuel_ratsnest, layout_basic, minmay_temple_entry_antechambers,
          uniq_crazy_yiuf_cottage, uniq_grinder, uniq_eustachio
D:7:      layout_rooms
D:8:      layout_loops_cross, mainiacjoe_overflow_brackets, special_room
          [special_room_orc], serial_aquarium, aquarium_bridge_straight
          [aquarium_subvault_bridge, aquarium_subvault_wall,
          aquarium_subvault_bridge, aquarium_subvault_window],
          aquarium_window_corner, aquarium_window_fake, aquarium_view_2f,
          aquarium_pool_1, gammafunk_ghost_nasty_kobolds, uniq_harold,
          uniq_erica, uniq_gastronok
D:9:      layout_rooms, erik_orc_1
D:10:     layout_basic, minmay_protected_statue
Orc:1:    layout_caves
Orc:2:    grunt_orc_tribal_feast, layout_caves, serial_shops,
          nicolae_shop_crystal, abandoned_shop

Skill      XL: |  1  2  3  4  5  6  7  8  9 10 11 12 |
---------------+-------------------------------------+-----
Axes           | 4 6 8 10 12 13 14 | 14.1
Fighting       | 4 5 6 7 8 |  8.6
Armour         | 3 4 5 7 8 9 |  9.1
Dodging        | 3 |  3.7
Stealth        | 1 |  1.7
Throwing       | 1 4 |  4.9
Evocations     | |  0.8

Action                   |  1- 3 |  4- 6 |  7- 9 | 10-12 || total
-------------------------+-------+-------+-------+-------++-------
Melee: Hand axe          |    52 |   108 |     4 |       ||   164
       Battleaxe         |       |       |   154 |   263 ||   417
Throw: Dart              |       |       |    11 |       ||    11
       Boomerang         |       |       |       |   101 ||   101
Invok: Berserk           |     4 |     5 |     8 |    12 ||    29
       Trog's Hand       |       |       |     1 |     7 ||     8
       Brothers in Arms  |       |       |       |     5 ||     5
Evoke: Wand              |       |     3 |     1 |       ||     4
  Use: Scroll            |     1 |     3 |     9 |     9 ||    22
       Potion            |       |       |       |     8 ||     8
Armor: Animal skin       |     4 |       |       |       ||     4
       Ring mail         |     5 |       |       |       ||     5
       Plate armour      |    19 |    75 |   147 |   226 ||   467
Dodge: Dodged            |    30 |    45 |    72 |   143 ||   290
